 Dungeon Crawl Stone Soup version 0.29.1-12-g30fa7ad0bf (webtiles) character file.

Game seed: 13583826187709456147

10016 raph the Arsonist (level 11, -8/59 (62) HPs)
             Began as a Deep Elf Fire Elementalist on Dec 18, 2022.
             Was a Believer of Sif Muna.
             Killed from afar by Nergalle (24 damage)
             ... with a bolt of negative energy
             ... on level 2 of the Lair of Beasts.
             The game lasted 00:16:37 (12438 turns).

raph the Arsonist (Deep Elf Fire Elementalist)     Turns: 12438, Time: 00:16:38

HP:   -8/59 (62)    AC:  7    Str:  5    XL:     11   Next: 30%
MP:   8/27          EV: 15    Int: 25    God:    Sif Muna [**....]
Gold: 235           SH:  5    Dex: 15    Spells: 10/30 levels left

rFire   . . .      SeeInvis .   a - staff of conjuration
rCold   . . .      Faith    .   o - +2 buckler "Histuem" {Stlth+}
rNeg    . . .      Spirit   .   u - +2 robe {Will+}
rPois   .          Reflect  .   (no helmet)
rElec   .          Harm     .   s - +2 cloak
rCorr   .          Rampage  .   (no gloves)
Will    ++...                   (no boots)
Stlth   +++.......              (no amulet)
HPRegen 0.19/turn               (no ring)
MPRegen 0.20/turn               (no ring)

@: lightly drained
A: no striking features
a: Renounce Religion, Channel Magic


You were on level 2 of the Lair of Beasts.
You worshipped Sif Muna.
Sif Muna was pleased with you.
You visited 3 branches of the dungeon, and saw 11 of its levels.

You collected 525 gold pieces.
You spent 290 gold pieces at shops.

Inventory:

Hand Weapons
 b - a +0 short sword of electrocution
 v - a +4 dagger
Missiles
 c - 22 poisoned darts
 m - 4 boomerangs of dispersal
Armour
 o - the +2 buckler "Histuem" (worn) {Stlth+}
   (You found it on level 4 of the Dungeon)

   Stlth:     It makes you more stealthy.
 s - a +2 cloak (worn)
 u - a +2 robe of willpower (worn)
Magical Staves
 a - a staff of conjuration (weapon)
Jewellery
 e - an amulet of faith
 w - a ring of fire
Wands
 t - a wand of flame (10)
 A - a wand of mindburst (17)
Scrolls
 l - a scroll of poison
 p - 2 scrolls of immolation
 q - 3 scrolls of teleportation
 y - a scroll of magic mapping
 B - a scroll of fear
Potions
 d - a potion of haste
 f - 2 potions of degeneration
 g - 5 potions of heal wounds
 h - 3 potions of brilliance
 i - a potion of magic
 j - 3 potions of attraction
 k - a potion of mutation {unknown}
 n - 2 potions of lignification
 r - a potion of resistance
 x - 3 potions of might
 z - 2 potions of curing


   Skills:
 + Level 4.3 Fighting
 + Level 7.0 Dodging
 - Level 2.4 Stealth
 + Level 10.0 Spellcasting
 + Level 8.0 Conjurations
 * Level 6.1 Hexes
 + Level 11.0 Fire Magic
 + Level 2.4 Earth Magic
 + Level 6.0 Invocations


You had 10 spell levels left.
You knew the following spells:

 Your Spells              Type           Power      Damage    Failure   Level
a - Foxfire               Conj/Fire      100%       2x1d9     1%          1
b - Scorch                Fire           100%       2d10      1%          2
c - Conjure Flame         Conj/Fire      74%        6-21      1%          3
d - Inner Flame           Hex/Fire       53%        N/A       1%          3
e - Flame Wave            Conj/Fire      74%        2d16      1%          4
f - Cause Fear            Hex            21%        N/A       5%          4
g - Stone Arrow           Conj/Erth      100%       3d13      2%          3

Your spell library contained the following spells:

 Spells                   Type           Power      Damage    Failure   Level
 Sandblast                Erth           48%        2d12      2%          1
 Passwall                 Tmut/Erth      15%        N/A       6%          2
 Beastly Appendage        Tmut           24%        N/A       7%          1
 Wereblood                Tmut           12%        N/A       10%         2
 Spider Form              Tmut/Pois      12%        N/A       21%         3
 Discord                  Hex            21%        N/A       100%        8


Dungeon Overview and Level Annotations

Branches:
Dungeon (8/15)             Temple (1/1) D:4            Lair (2/5) D:8
  Swamp: Lair:2-3    Shoals: Lair:2-3     Snake: Lair:2-3    Spider: Lair:2-3

Altars:
Ashenzari
Cheibriados
Dithmenos
Elyvilon
Fedhas
Gozag
Hepliaklqana
Kikubaaqudgha
Makhleb
Nemelex Xobeh
Okawaru
Qazlal
Ru
Sif Muna
Trog
Uskayaw
Vehumet
Wu Jian
Xom
Yredelemnul
Zin
The Shining One

Shops:
D:7 [   D:8 !?

Annotations:
Lair:1 2 transporters, exclusion: oklob plant
Lair:2 Nergalle


Message History

The flame wave engulfs the rime drake!!
The rime drake is severely wounded.
The rime drake breathes ice at you. The flash freeze hits you!!
* * * LOW HITPOINT WARNING * * *
You are encased in ice.
You block the hell rat's attack.
A wave of flame ripples out!
The flame wave engulfs the hell rat!!
You kill the hell rat!
Sif Muna accepts your kill.
The flame wave engulfs the rime drake!
You kill the rime drake!
Sif Muna accepts your kill.
You finish channelling waves of flame.
Your Dodging skill increases to level 7!
You start resting.
Nergalle the Soulbinder comes into view.
She is wielding a +0 dagger.
Your magical contamination has completely faded away.
Nergalle is nearby!
The ice encasing you melts away. What are your orders? t - Shout!
Orders for allies: a - Attack new target. r - Retreat! s - Stop attacking. g - Guard the area. f - Follow me.
Anything else - Cancel.
Retreat in which direction?
Press: ? - help, Dir - move target, f - you
Okay, then.
As you read the scroll of butterflies, it crumbles to dust.
You hear the tinkle of a tiny bell.
You swap places.
Nergalle hits your butterfly with a +0 dagger!
Your butterfly dies!
Your butterfly disappears in a burst of colours!
Found a copper ring.
Nergalle casts a spell at you.
The bolt of negative energy misses your butterfly.
The bolt of negative energy hits you!!
You feel drained.
You die...

#### ## .####.#P##.##.. ##.~.##.
............... .<~.~...
...................... ..P~~...
P#........ ............. ..~.~...
.........# #........... ...P....
....#....####.........=. ........
....)..... #...........# +..#....
.........# #.#.@## ....#...
.........## #.#...# ........
........†.###.b...#..#...........
........†.#.#.................§..
.........###.b#.bbb..............
....#...o..ob.b......#.......#...
.#. #.........#...#..........#...
.......###..........#...........
......## ##.........#.#.#.#.#...


You could see Nergalle (ally target).

Vanquished Creatures
  An elephant (D:8)
  A black mamba (Lair:2)
  2 cane toads (Lair:1)
  2 rime drakes
  6 komodo dragons
  A polar bear (Lair:2)
  5 blink frogs
  Sigmund (D:4)
  4 yaks (Lair:2)
  2 basilisks
  2 wyverns (D:8)
  A death yak simulacrum (Lair:2)
  2 steam dragons
  Menkaure (D:4)
  Duvessa (D:5)
  5 water moccasins
  2 ice beasts (D:7)
  3 black bears
  4 ogres
  2 centaurs
  2 phantoms (D:6)
  A kobold brigand (D:8)
  Blork the orc (D:4)
  A necrophage (D:6)
  5 bullfrogs
  3 scorpions
  4 wights (D:7)
  Dowan (D:5)
  4 killer bees (D:8)
  4 howler monkeys
  3 jellies
  3 hounds
  A gnoll bouda (D:8)
  10 iguanas
  3 orc wizards
  Natasha (twice) (D:2)
  4 hell rats (Lair:2)
  8 gnolls
  6 adders
  2 shadow imps
  An ufetubus (D:5)
  4 worms
  A dart slug (D:5)
  11 orcs
  4 endoplasms
  6 giant cockroaches
  7 goblins
  6 hobgoblins
  2 jackals (D:4)
  A quokka (D:1)
  6 ball pythons
  5 bats
  5 frilled lizards
  9 kobolds
  5 rats
189 creatures vanquished.

Vanquished Creatures (collateral kills)
  5 foxfires
5 creatures vanquished.

Vanquished Creatures (others)
  498 foxfires
  8 fungi
  14 plants
520 creatures vanquished.

Grand Total: 714 creatures vanquished

Notes
Turn   | Place    | Note
-------+----------+-------------------------------------------
     0 | D:1      | raph the Deep Elf Fire Elementalist began the quest for the
                  | Orb.
     0 | D:1      | Reached XP level 1. HP: 10/10 MP: 6/6
   301 | D:1      | Reached skill level 4 in Fire Magic
   301 | D:1      | Reached XP level 2. HP: 15/15 MP: 4/8
   889 | D:1      | Learned a level 2 spell: Scorch
  1262 | D:1      | Found a faded altar of an unknown god.
  1316 | D:2      | Reached XP level 3. HP: 19/19 MP: 3/9
  1320 | D:2      | Learned a level 3 spell: Conjure Flame
  1438 | D:2      | Noticed Natasha
  1450 | D:2      | Killed Natasha
  1451 | D:2      | Reached skill level 5 in Fire Magic
  1855 | D:2      | Reached XP level 4. HP: 24/24 MP: 0/11
  2059 | D:2      | Noticed Natasha
  2064 | D:2      | Killed Natasha
  2230 | D:2      | Learned a level 3 spell: Inner Flame
  2631 | D:3      | Reached XP level 5. HP: 28/28 MP: 0/12
  2981 | D:3      | Noticed a black bear
  2989 | D:3      | Killed a black bear
  2990 | D:3      | Reached skill level 6 in Fire Magic
  3146 | D:3      | Learned a level 4 spell: Flame Wave
  3193 | D:3      | Reached XP level 6. HP: 32/32 MP: 8/14
  3942 | D:4      | Found a staircase to the Ecumenical Temple.
  3949 | Temple   | Entered the Ecumenical Temple
  3949 | Temple   | Found a transporter.
  3949 | Temple   | Found a transporter.
  3951 | Temple   | Found a transporter.
  3951 | Temple   | Found a transporter.
  3978 | Temple   | Became a worshipper of Sif Muna the Loreminder
  3997 | D:4      | Noticed Menkaure
  4002 | D:4      | Killed Menkaure
  4003 | D:4      | Reached skill level 5 in Spellcasting
  4005 | D:4      | Found a blossoming altar of Fedhas.
  4065 | D:4      | Noticed Sigmund
  4073 | D:4      | Killed Sigmund
  4074 | D:4      | Reached skill level 7 in Fire Magic
  4074 | D:4      | Reached XP level 7. HP: 36/36 MP: 8/17
  4333 | D:4      | Noticed a steam dragon
  4454 | D:4      | Identified the +2 buckler "Histuem" {Stlth+}
  4459 | D:4      | Killed a steam dragon
  4460 | D:4      | Reached skill level 8 in Fire Magic
  4917 | D:4      | Noticed Blork the orc
  4924 | D:4      | Killed Blork the orc
  4925 | D:4      | Reached XP level 8. HP: 31/41 MP: 11/19
  5567 | D:5      | Entered Level 5 of the Dungeon
  5624 | D:5      | Found a snail-covered altar of Cheibriados.
  5656 | D:5      | Reached skill level 5 in Conjurations
  6006 | D:5      | Reached skill level 9 in Fire Magic
  6006 | D:5      | Reached skill level 1 in Invocations
  6141 | D:5      | Noticed Duvessa
  6146 | D:5      | Killed Duvessa
  6147 | D:5      | Reached skill level 1 in Fighting
  6149 | D:5      | Noticed Dowan
  6158 | D:5      | Killed Dowan
  6827 | D:6      | Reached XP level 9. HP: 48/48 MP: 13/22
  6905 | D:6      | Reached * piety under Sif Muna
  7057 | D:6      | Found an iron altar of Okawaru.
  7163 | D:6      | Found a radiant altar of Vehumet.
  7829 | D:7      | Found a basalt altar of Yredelemnul.
  7987 | D:7      | You fall into a shaft and drop 1 floor!
  7992 | D:8      | Found Jauhyel's Magic Scroll Shoppe.
  7999 | D:8      | Noticed an elephant
  8011 | D:8      | Killed an elephant
  8012 | D:8      | Reached skill level 10 in Fire Magic
  8027 | D:8      | Reached skill level 5 in Dodging
  8027 | D:8      | Noticed a +0 falchion
  8027 | D:8      | Noticed a +0 short sword
  8027 | D:8      | Noticed a +0 short sword
  8027 | D:8      | Noticed a +0 dagger
  8027 | D:8      | Noticed a +0 falchion
  8027 | D:8      | Noticed a +0 dagger
  8027 | D:8      | Noticed a +0 spear
  8027 | D:8      | Noticed a +0 spear
  8324 | D:8      | Noticed a komodo dragon
  8333 | D:8      | Killed a komodo dragon
  8334 | D:8      | Reached XP level 10. HP: 56/56 MP: 16/24
  8414 | D:8      | Identified the +1 leather armour "Liebaery" {*Slow +Inv
                  | Dex+6}
  8430 | D:8      | Found a staircase to the Lair.
  8470 | D:7      | Found a burning altar of Makhleb.
  8528 | D:7      | Found Ynuocu Wefa's Armour Emporium.
  8746 | D:7      | Found Zin's Purification Station.
  8750 | D:7      | Found a glowing silver altar of Zin.
  8754 | D:7      | Bought a potion of curing for 90 gold pieces
  8969 | D:7      | Found a white marble altar of Elyvilon.
  9357 | D:8      | Bought a scroll of fear for 40 gold pieces
  9357 | D:8      | Bought a scroll of butterflies for 40 gold pieces
  9357 | D:8      | Bought a scroll of identify for 20 gold pieces
  9357 | D:8      | Bought a scroll of identify for 20 gold pieces
  9626 | D:8      | Found Siadelus's Distillery.
  9634 | D:8      | Bought a potion of heal wounds for 80 gold pieces
  9896 | D:8      | Reached ** piety under Sif Muna
 10084 | D:8      | Found a hide-covered altar of Uskayaw.
 10188 | D:8      | Learned a level 4 spell: Cause Fear
 10189 | Lair:1   | Entered Level 1 of the Lair of Beasts
 10203 | Lair:1   | Found a transporter.
 10204 | Lair:1   | Found a transporter.
 10204 | Lair:1   | Noticed a boulder beetle
 10204 | Lair:1   | Noticed a boulder beetle
 10230 | Lair:1   | Reached skill level 1 in Hexes
 10415 | Lair:1   | Noticed a cane toad
 10420 | Lair:1   | Noticed a cane toad
 10422 | Lair:1   | Killed a cane toad
 10423 | Lair:1   | Reached skill level 5 in Invocations
 10427 | Lair:1   | Killed a cane toad
 10682 | Lair:1   | Learned a level 3 spell: Stone Arrow
 10931 | Lair:1   | Noticed an oklob plant
 11536 | Lair:2   | Noticed a black mamba
 11541 | Lair:2   | Killed a black mamba
 11548 | Lair:2   | Reached skill level 1 in Earth Magic
 11734 | Lair:2   | Reached skill level 5 in Hexes
 11735 | Lair:2   | Reached XP level 11. HP: 33/61 MP: 10/26
 12097 | Lair:2   | Found a frozen archway.
 12211 | Lair:2   | Reached skill level 11 in Fire Magic
 12425 | Lair:2   | Reached skill level 10 in Spellcasting
 12427 | Lair:2   | Noticed Nergalle
 12438 | Lair:2   | Killed from afar by Nergalle

Illustrated notes

Levels and vault maps discovered:
D:1:      eino_arrival_water_star, layout_basic,
          shapermc_ecumenical_altar_petra, minmay_misc_feat_chi
D:2:      layout_basic, uniq_natasha
D:3:      layout_rooms, serial_forest, infiniplex_forest_end_1,
          infiniplex_forest_end_3, infiniplex_forest_corner_2,
          infiniplex_forest_straight_2, infiniplex_forest_straight_3,
          infiniplex_forest_clump_tiny, infiniplex_forest_straight_3,
          infiniplex_forest_clump_curved, infiniplex_forest_lined_room_3,
          infiniplex_forest_lined_room_3
D:4:      layout_loops_corners, fedhas_ov_isle_minmay,
          minmay_temple_entry_overgrown, uniq_blork_the_orc, uniq_menkaure,
          uniq_sigmund
D:5:      layout_loops_ring, mainiacjoe_overflow_alcove_2,
          minmay_misc_feat_hallway, minmay_misc_feat_ornament, uniq_duvessa
D:6:      layout_basic, lemuel_doored_altar, old_standard_altar,
          solitary_fountain
D:7:      layout_layer_cave, zin_purify, makhleb_blood_cavern_becter,
          yredelemnul_altar_generic, mainiacjoe_overflow_alcove_1, serial_shops,
          kennysheep_mini_moat
D:8:      layout_rooms, nicolae_uskayaw_en_pointe, david_lair_generic,
          serial_shops, shop, kennysheep_another_room, nicolae_stop_n_shop_2,
          minmay_lizard_king
Temple:   hellmonk_temple_divided_pantheon
Lair:1:   gammafunk_boulding_lane, layout_small_grid, st_stairs_3,
          minmay_lair_oklob_bushes, infiniplex_staircase_pool_2
Lair:2:   layout_chaotic_city, skrybe_swamp_entry_bodies,
          portal_ice_cave_entry_ice_simulacra, serial_bayou_pond_e,
          uniq_nergalle

Skill      XL: |  1  2  3  4  5  6  7  8  9 10 11 |
---------------+----------------------------------+-----
Fire Magic     | 4 5 6 7 8 9 10 11 | 11.0
Conjurations   | 2 3 4 5 6 7 8 |  8.0
Spellcasting   | 4 5 6 7 8 9 10 | 10.0
Invocations    | 2 4 5 6 |  6.0
Fighting       | 1 3 4 |  4.3
Dodging        | 3 5 6 7 |  7.0
Hexes          | 5 6 |  6.1
Earth Magic    | 1 2 |  2.4
Stealth        | |  2.4

Action                   |  1- 3 |  4- 6 |  7- 9 | 10-12 || total
-------------------------+-------+-------+-------+-------++-------
Melee: Unarmed           |     4 |       |       |       ||     4
       Dagger            |     6 |       |       |       ||     6
       Short sword       |       |     6 |       |       ||     6
       Staff             |       |       |     2 |     2 ||     4
 Cast: Foxfire           |    52 |    85 |    79 |    86 ||   302
       Scorch            |     3 |     6 |    57 |    23 ||    89
       Conjure Flame     |       |     1 |     5 |     1 ||     7
       Inner Flame       |       |       |     3 |     3 ||     6
       Flame Wave        |       |       |    11 |    20 ||    31
       Stone Arrow       |       |       |       |     3 ||     3
Invok: Channel Magic     |       |       |     1 |     1 ||     2
  Use: Scroll            |     1 |     5 |     7 |     9 ||    22
       Potion            |       |       |     1 |       ||     1
 Stab: Sleeping          |       |       |       |     1 ||     1
Armor: Robe              |     3 |     4 |     4 |     3 ||    14
Dodge: Dodged            |    23 |     4 |    23 |    23 ||    73
Block: Buckler           |       |       |     7 |     8 ||    15
